 Dungeon Crawl Stone Soup version 0.30.1 (webtiles) character file.

Game seed: 9294629941646925372

35288 Pepete the Destroyer (level 13, -7/86 HPs)
             Began as a Demigod Conjurer on June 30, 2023.
             Mangled by an orc warrior
             ... wielding a +1 long sword of freezing
              (12 damage)
             ... on level 1 of the Orcish Mines on July 1, 2023.
             The game lasted 02:07:52 (39780 turns).

Pepete the Destroyer (Demigod Conjurer)            Turns: 39780, Time: 02:07:52

Health: -7/86      AC: 20    Str:  8    XL:     13   Next: 16%
Magic:  32/32      EV: 12    Int: 36    God:
Gold:   1210       SH:  0    Dex: 12    Spells: 21/33 levels left

rFire   x . .        h - staff of cold
rCold   + + .        (no shield)
rNeg    . . .        f - +3 robe of Clouds {*Thunder rCloud rElec}
rPois   .            q - +2 helmet
rElec   +            C - scarf {repulsion}
rCorr   .            A - +2 pair of gloves
SInv    .            H - +2 pair of boots
Will    +....        B - amulet of regeneration
Stlth   +            J - +4 ring of protection
HPRegen 1.14/turn    O - ring of ice
MPRegen 0.23/turn

%: repel missiles
@: confused, ambrosia-drunk
A: high MP 1, forlorn, divine attributes
a: no special abilities


You were on level 1 of the Orcish Mines.
You visited 2 branches of the dungeon, and saw 16 of its levels.

You collected 1711 gold pieces.
You spent 501 gold pieces at shops.

Inventory:

Hand Weapons
 r - a +4 long sword
 Q - the +9 scimitar "Secret Weapon" {flame, +Blink rPois Will+}
   (You found it on level 13 of the Dungeon)

   rPois:     It protects you from poison.
   +Blink:    It lets you blink.
   Will:      It increases your willpower.
Armour
 f - the +3 robe of Clouds (worn) {*Thunder rCloud rElec}
   (You bought it in a shop on level 5 of the Dungeon)

   *Thunder:  It occasionally creates storm clouds above nearby enemies.
   rCloud:    It grants its wearer immunity to clouds.
   rElec:     It insulates you from electricity.
 q - a +2 helmet (worn)
 A - a +2 pair of gloves (worn)
 C - a scarf of repulsion (worn)
 H - a +2 pair of boots (worn)
Magical Staves
 h - a staff of cold (weapon)
Jewellery
 c - a +6 ring of dexterity
 d - a ring of flight
 j - a +4 ring of protection
 m - a ring of resist corrosion
 B - an amulet of regeneration (around neck)
 I - a ring of protection from cold
 J - a +4 ring of protection (left hand)
 N - the ring of Ficu {rF+ SInv}
   (You took it off a centaur on level 12 of the Dungeon)

   [ring of see invisible]

   rF:        It protects you from fire.
   SInv:      It lets you see invisible.
 O - a ring of ice (right hand)
 P - the ring "Qagenwin" {Will+ rCorr Str+3}
   (You took it off a tengu warrior on level 12 of the Dungeon)

   [ring of resist corrosion]

   Str:       It affects your strength (+3).
   rCorr:     It protects you from acid and corrosion.
   Will:      It increases your willpower.
Wands
 l - a wand of polymorph (15)
 s - a wand of light (20)
 w - a wand of flame (26)
 x - a wand of charming (10)
 E - a wand of iceblast (3)
Scrolls
 b - a scroll of magic mapping
 e - 4 scrolls of identify
 k - 3 scrolls of teleportation
 o - a scroll of immolation
 y - a scroll of enchant armour
 z - a scroll of butterflies
 D - a scroll of amnesia
 K - a scroll of silence
Potions
 i - 3 potions of flight
 n - 2 potions of berserk rage
 p - 3 potions of lignification
 t - 2 potions of might
 F - a potion of resistance


   Skills:
 + Level 9.7 Armour
 - Level 1.7 Dodging
 - Level 1.7 Stealth
 * Level 10.9 Spellcasting
 * Level 12.2 Conjurations
 * Level 10.3 Ice Magic


You had 21 spell levels left.
You knew the following spells:

 Your Spells              Type           Power      Damage    Failure   Level
a - Magic Dart            Conj           100%       1d8       0%          1
b - Fulminant Prism       Conj/Hex       29%        3d14      1%          4
c - Hailstorm             Conj/Ice       100%       3d20      1%          3
d - Freeze                Ice            100%       1d10      1%          1
e - Summon Guardian Gole  Hex/Summ       19%        N/A       6%          3

Your spell library contained the following spells:

 Spells                   Type           Power      Damage    Failure   Level
 Kiss of Death            Conj/Necr      100%       2d13      1%          1
 Searing Ray              Conj           100%       2d8       1%          2
 Dazzling Flash           Conj/Hex       100%       N/A       1%          3
 Frozen Ramparts          Ice            100%       1d16      1%          3
 Iskenderun's Mystic Bla  Conj/Tloc      59%        2d12      1%          4
 Summon Small Mammal      Summ           76%        N/A       2%          1
 Sublimation of Blood     Necr           19%        N/A       3%          2
 Wereblood                Tmut           19%        N/A       3%          2
 Irradiate                Conj/Tmut      29%        3d21      4%          5
 Call Canine Familiar     Summ           19%        N/A       6%          3
 Confusing Touch          Hex            19%        N/A       6%          3
 Gell's Gravitas          Tloc           19%        N/A       6%          3
 Teleport Other           Tloc           19%        N/A       6%          3
 Volatile Blastmotes      Fire/Tloc      38%        2d13      6%          3
 Dispel Undead            Necr           19%        3d11      22%         4
 Blade Hands              Tmut           9%         N/A       52%         5
 Lee's Rapid Deconstruct  Erth           9%         3d7*      52%         5
 Dispersal                Tloc           9%         N/A       97%         6
 Dragon Form              Tmut           9%         N/A       100%        7
 Summon Hydra             Summ           9%         N/A       100%        7


Dungeon Overview and Level Annotations

Branches:
Dungeon (14/15)            Temple (0/1) D:7            Lair (0/5) D:8
    Orc (2/2) D:9             Elf (0/3) Orc:2
 Vaults: D:13-14

Shops:
D:5 [   D:9 ?   D:10 *

Annotations:
D:8 1 runed translucent door, exclusions: ice statue and obsidian statue
D:10 3 runed translucent doors, BoiledPickle's ghost, novice MiBe; Fannar; GimliDwarf's ghost, journeyman TeAE; TrayleKats's ghost, journeyman TrFi; coffeetime's ghost, journeyman GrEE
D:14 Agnes
Orc:2 Maurice


Innate Abilities, Weirdness & Mutations

You have an increased reservoir of magic. (+10% MP)
You shall have no god before yourself.
Your divine heritage dramatically boosts your attributes as you level up.


Message History

The orc warrior is engulfed in a thunderstorm.
You kill the orc warrior!
The orc warrior hits you but does no damage.
The orc warrior hits you with a +0 war axe.
* * * LOW HITPOINT WARNING * * *
The orc knight hits you but does no damage.
The orc warrior barely misses you.
Okay, then.
Okay, then.
You feel better.
Storm clouds gather above the orc warrior.
The orc warrior hits you but does no damage.
The orc warrior is engulfed in a thunderstorm.
You kill the orc warrior!
The orc warrior hits you with a +0 mace.
* * * LOW HITPOINT WARNING * * *
The orc knight hits you with a +0 war axe.
* * * LOW HITPOINT WARNING * * *
The orc warrior hits you with a +0 war axe!
* * * LOW HITPOINT WARNING * * *
Okay, then.
Okay, then.
Okay, then.
You are confused.
You feel invigorated.
Storm clouds gather above the orc warrior.
The orc warrior hits you with a +1 long sword of freezing.
* * * LOW HITPOINT WARNING * * *
The orc warrior freezes you.
* * * LOW HITPOINT WARNING * * *
The orc warrior barely misses you. The orc knight closely misses you.
The orc warrior hits you but does no damage.
You are too confused!
You're too confused to cast spells.
Okay, then.
You are more confused.
You feel more invigorated.
The orc warrior is engulfed in a thunderstorm.
The orc warrior hits you with a +1 long sword of freezing!
You die...

..#.## #....#....##....####....
.#### ##..........##..#.##...##
.##### ##..................##..#
..##.###.....#..#......##.#######
......###....[.......########....
......#............###### ##..##.
.....#..............##..###..####
.....##........o.o..#....'..## #.
.....##....#...[@§.......#######.
....####..#....§oo........###.###
......##............#......#....#
..#..............................
..###.##...#..............#.#....
.## ####.............#.#...####..
## ##.............#....# ##.
##.#...#.......###..## ##
#..........##.## ####


You could see an orc knight and 3 orc warriors.

Vanquished Creatures
  Gastronok (D:7)
  Erolcha (D:13)
  A hydra (D:12)
  2 boulder beetles
  3 centaur warriors
  4 tengu warriors
  5 two-headed ogres
  Urug (D:10)
  An orc high priest (Orc:1)
  2 deep elf pyromancers
  2 necromancers (Orc:1)
  An orc sorcerer (Orc:1)
  2 cyclopes
  An oklob plant (Orc:1)
  6 orc knights
  5 ugly things (D:14)
  4 gargoyles
  Maggie (D:7)
  An unseen horror (D:12)
  Psyche (D:11)
  4 kobold demonologists
  A komodo dragon (D:13)
  Prince Ribbit (D:8)
  A troll (Orc:1)
  15 slime creatures
  2 centaur simulacra (D:12)
  2 wraiths
  Grum (D:10)
  A water elemental (D:13)
  A vampire (D:12)
  A basilisk (D:12)
  A wyvern (D:9)
  A steam dragon (D:8)
  3 vampire mosquitoes
  2 acid dragons
  26 orc warriors
  A black bear (D:6)
  6 ogres
  2 wolves (D:10)
  An orc skeleton (Orc:1)
  14 centaurs
  2 phantoms
  4 kobold brigands
  3 bullfrogs
  2 gnoll sergeants
  2 scorpions
  A cyclops skeleton (Orc:1)
  A warg skeleton (Orc:1)
  7 killer bees
  3 howler monkeys (D:7)
  4 hounds
  23 orc priests
  A jelly (D:6)
  A gnoll bouda (D:6)
  A sleepcap (D:6)
  2 iguanas
  21 orc wizards
  8 gnolls
  2 orc zombies (Orc:1)
  4 adders
  2 white imps
  An orc simulacrum (Orc:1)
  An ufetubus (D:6)
  A dart slug (D:1)
  93 orcs
  5 ball pythons
  7 bats
  7 endoplasms
  2 giant cockroaches
  10 goblins
  9 hobgoblins
  14 jackals
  20 kobolds
  4 quokkas
  4 frilled lizards
  12 rats
  27 fulminant prisms
443 creatures vanquished.

Vanquished Creatures (others)
  61 fulminant prisms
61 creatures vanquished.

Grand Total: 504 creatures vanquished

Notes
Turn   | Place    | Note
-------+----------+-------------------------------------------
     0 | D:1      | Pepete the Demigod Conjurer began the quest for the Orb.
     0 | D:1      | Reached XP level 1. HP: 14/14 MP: 5/5
   551 | D:1      | Reached XP level 2. HP: 14/20 MP: 1/7
  1093 | D:1      | Reached skill level 1 in Armour
  1719 | D:1      | Reached skill level 4 in Conjurations
  1719 | D:1      | Reached XP level 3. HP: 26/26 MP: 5/9
  4442 | D:3      | Reached XP level 4. HP: 24/33 MP: 3/10
  4709 | D:3      | Learned a level 4 spell: Fulminant Prism
  6234 | D:4      | Reached XP level 5. HP: 30/38 MP: 3/12
  6569 | D:4      | Noticed an ogre
  6946 | D:4      | Reached skill level 1 in Ice Magic
  7678 | D:5      | Entered Level 5 of the Dungeon
  8146 | D:5      | Reached XP level 6. HP: 45/45 MP: 7/14
  8417 | D:5      | Found Gisah's Armour Shop.
  8871 | D:5      | Reached skill level 5 in Conjurations
  9760 | D:5      | Bought the +3 robe of Clouds {*Thunder rCloud rElec} for
                  | 356 gold pieces
  9760 | D:5      | Found the +3 robe of Clouds {*Thunder rCloud rElec}
 10185 | D:6      | Reached XP level 7. HP: 35/50 MP: 1/16
 10761 | D:6      | Reached skill level 6 in Conjurations
 11003 | D:6      | Noticed a two-headed ogre
 11297 | D:6      | Learned a level 3 spell: Hailstorm
 11742 | D:7      | Reached XP level 8. HP: 55/57 MP: 7/18
 11973 | D:7      | Found a staircase to the Ecumenical Temple.
 12105 | D:7      | Reached skill level 5 in Spellcasting
 12502 | D:7      | Reached skill level 5 in Armour
 12954 | D:7      | Noticed Maggie
 12963 | D:7      | Killed Maggie
 13364 | D:7      | Noticed a two-headed ogre
 13674 | D:7      | Killed a two-headed ogre
 13675 | D:7      | Reached skill level 7 in Conjurations
 13675 | D:7      | Reached XP level 9. HP: 62/62 MP: 8/21
 13763 | D:8      | Noticed Prince Ribbit
 14194 | D:8      | Noticed Gastronok
 14317 | D:7      | HP: 1/62 [Gastronok/the air (25)]
 14327 | D:7      | Killed Gastronok
 14927 | D:8      | Killed Prince Ribbit
 14928 | D:8      | Reached skill level 8 in Conjurations
 16314 | D:8      | Found a staircase to the Lair.
 17843 | D:8      | Found a runed translucent door.
 17844 | D:8      | Noticed a sixfirhy
 17916 | D:8      | Noticed an obsidian statue
 17976 | D:8      | Noticed an ice statue
 18842 | D:9      | Noticed a kobold demonologist
 18852 | D:9      | Noticed an orange demon
 19079 | D:9      | Killed a kobold demonologist
 19080 | D:9      | Reached XP level 10. HP: 69/69 MP: 24/24
 19256 | D:9      | You fall into a shaft and drop 1 floor!
 19256 | D:10     | Entered Level 10 of the Dungeon
 19291 | D:10     | Noticed Fannar
 19378 | D:10     | Found a runed translucent gate.
 19378 | D:10     | Found a runed translucent gate.
 19378 | D:10     | Found a runed translucent gate.
 19709 | D:9      | Reached skill level 5 in Ice Magic
 20448 | D:9      | Found a staircase to the Orcish Mines.
 20569 | D:9      | Noticed a deep elf pyromancer
 20586 | D:9      | Killed a deep elf pyromancer
 20924 | D:9      | Found Yqemu's Magic Scroll Shoppe.
 20933 | D:9      | Bought a scroll of teleportation for 39 gold pieces
 20933 | D:9      | Bought 3 scrolls of identify for 78 gold pieces
 21799 | D:10     | Identified the +8 battleaxe of the Grand God {venom, rCorr
                  | Str+2 Int-5}
 21977 | D:10     | Noticed a two-headed ogre
 21984 | D:10     | Noticed Urug
 21986 | D:10     | Killed a two-headed ogre
 21987 | D:10     | Reached skill level 9 in Conjurations
 22311 | D:10     | Noticed Grum
 22317 | D:10     | Killed Grum
 22486 | D:10     | Killed Urug
 23209 | D:10     | Found Rukkats's Assorted Antiques.
 23212 | D:10     | Bought a scroll labelled ZUEPTOERPHO for 28 gold pieces
 23214 | D:10     | Noticed coffeetime's ghost (journeyman GrEE)
 23215 | D:10     | Noticed TrayleKats's ghost (journeyman TrFi)
 23215 | D:10     | Noticed BoiledPickle's ghost (novice MiBe)
 23215 | D:10     | Noticed GimliDwarf's ghost (journeyman TeAE)
 23678 | D:10     | Identified the +5 rapier "Dragon's Tongue" {holy, rN++ SInv
                  | Stlth+}
 23966 | D:11     | Noticed Psyche
 23970 | D:11     | Killed Psyche
 24592 | D:11     | Noticed a two-headed ogre
 25080 | D:11     | Reached XP level 11. HP: 56/74 MP: 17/27
 25284 | D:11     | Killed a two-headed ogre
 26955 | D:12     | Noticed a two-headed ogre
 27187 | D:12     | Reached skill level 10 in Conjurations
 27437 | D:12     | Identified the ring of Ficu {rF+ SInv}
 27447 | D:12     | Killed a two-headed ogre
 27671 | D:12     | Noticed a boulder beetle
 27680 | D:12     | Killed a boulder beetle
 27841 | D:12     | Identified the ring "Qagenwin" {Will+ rCorr Str+3}
 27841 | D:12     | Noticed a tengu warrior
 27843 | D:12     | Killed a tengu warrior
 27897 | D:12     | Noticed a deep elf pyromancer
 27905 | D:12     | Killed a deep elf pyromancer
 28264 | D:12     | Noticed an orc knight
 28279 | D:12     | Killed an orc knight
 28296 | D:12     | Noticed a two-headed ogre
 28322 | D:12     | Killed a two-headed ogre
 28453 | D:12     | Noticed an orc knight
 28469 | D:12     | Killed an orc knight
 28573 | D:12     | Reached XP level 12. HP: 77/81 MP: 24/30
 28627 | D:12     | Noticed a six-headed hydra
 28644 | D:12     | Killed a six-headed hydra
 28986 | D:13     | Noticed Erolcha
 28988 | D:13     | Killed Erolcha
 29180 | D:13     | Reached skill level 11 in Conjurations
 29504 | D:13     | Noticed a centaur warrior
 29506 | D:13     | Killed a centaur warrior
 29638 | D:13     | Identified the +9 scimitar "Secret Weapon" {flame, +Blink
                  | rPois Will+}
 29988 | D:13     | Learned a level 1 spell: Freeze
 30270 | D:13     | Reached skill level 10 in Spellcasting
 30649 | D:13     | Identified a scroll of acquirement
 30650 | D:13     | Acquired a book of Transfigurations
 30746 | D:13     | Noticed a centaur warrior
 30752 | D:13     | Killed a centaur warrior
 31354 | D:13     | Learned a level 3 spell: Summon Guardian Golem
 31388 | D:13     | Upgraded the game from 0.30.0-30-g96aa6591b8 to 0.30.1
 31415 | D:14     | Noticed a boulder beetle
 31421 | D:14     | Killed a boulder beetle
 32186 | D:14     | Noticed a centaur warrior
 32189 | D:14     | Killed a centaur warrior
 32340 | D:14     | Noticed Agnes
 32345 | D:14     | HP: 3/81 [+3 spectral lajatang[Agnes] (23)]
 32670 | D:14     | HP: 4/81 [+3 spectral lajatang[Agnes] (18)]
 33331 | Orc:1    | Entered Level 1 of the Orcish Mines
 35157 | Orc:1    | Reached skill level 10 in Ice Magic
 36086 | Orc:1    | Reached skill level 12 in Conjurations
 36086 | Orc:1    | Reached XP level 13. HP: 86/86 MP: 20/32
 36877 | Orc:2    | Entered Level 2 of the Orcish Mines
 38056 | Orc:2    | Found a staircase to the Elven Halls.
 39280 | Orc:2    | Noticed Maurice
 39775 | Orc:2    | HP: 3/86 [orc warrior/+0 mace (6)]
 39779 | Orc:1    | HP: 1/86 [orc warrior/+1 long sword of freezing (1)]
 39780 | Orc:1    | Mangled by an orc warrior

Illustrated notes

Levels and vault maps discovered:
D:1:      elethiomel_arrival_shortcut, layout_basic, minmay_pentomino_w4
D:2:      layout_basic, chequers_ecumenical_altar_simple_redux,
          minmay_rat_gold_closets
D:3:      layout_basic, nicolae_overflow_crystal_walls, serial_bayou,
          serial_bayou_pond_a, serial_bayou_pond_c, serial_bayou_crossing,
          serial_bayou_pond_a, minmay_misc_feat_chi
D:4:      layout_cave_pods, mainiacjoe_overflow_surrounded_room,
          xom_teletrap_fun, kennysheep_generic_room_6
D:5:      layout_loops_ring, elyvilon_altar_5, nemelex_spade_bored_becter,
          serial_shops, nicolae_shop_tiny_real_fake_doors
D:6:      hangedman_cross_stitches, layout_gridville
D:7:      layout_cave_pods, okawaru_gym_becter, minmay_temple_entry_slanted,
          uniq_maggie
D:8:      minmay_separated_statues, layout_cave_pools, vehumet_altar_wand_db,
          nzn_makhleb_speed_demon, mainiacjoe_overflow_boulevard,
          dpeg_oklobed_lair, corner_web_ring, uniq_prince_ribbit1,
          uniq_gastronok
D:9:      layout_gridville, mainiacjoe_overflow_small_starburst, orc_0_dummy,
          serial_shops, shop
D:10:     layout_basic, lemuel_round_altar, nicolae_uskayaw_dance_hall,
          gammafunk_ghost_cemetery, serial_shops, shop, uniq_urug, uniq_grum,
          uniq_fannar
D:11:     layout_cave_pools, uniq_psyche
D:12:     minmay_the_grid_triangle_9x9_recursive_3_mashed
          [minmay_the_grid_triangle_9x9_thin_v,
          minmay_the_grid_triangle_9x9_subtriangle,
          minmay_the_grid_triangle_9x9_zippers_vertical,
          minmay_the_grid_triangle_9x9_prize_special,
          minmay_the_grid_triangle_9x9_impossible_snake,
          minmay_the_grid_triangle_9x9_odd_lines,
          minmay_the_grid_triangle_9x9_warning,
          minmay_the_grid_triangle_9x9_dagger,
          minmay_the_grid_triangle_9x9_windchime], layout_rooms
D:13:     layout_roguey, water_maze_lemuel, uniq_erolcha
D:14:     layout_gridville, grunt_vaults_entry_fortified, kennysheep_path_1,
          serial_shops, shop_fountains, uniq_agnes
Orc:1:    dreamdust_under_siege, layout_caves, mines3_lemuel
Orc:2:    st_orc_pillars, layout_caves, basic_altar, nicolae_orc_stony_grotto,
          lemuel_statue_altar, uniq_maurice

Skill      XL: |  1  2  3  4  5  6  7  8  9 10 11 12 |
---------------+-------------------------------------+-----
Spellcasting   | 2 3 4 5 7 8 9 10 | 10.9
Armour         | 1 2 3 4 5 7 8 9 |  9.7
Conjurations   | 4 5 6 7 8 9 10 12 | 12.2
Ice Magic      | 1 2 3 4 6 8 10 | 10.3
Dodging        | |  1.7
Stealth        | |  1.7

Action                     |  1- 3 |  4- 6 |  7- 9 | 10-12 | 13-15 || total
---------------------------+-------+-------+-------+-------+-------++-------
  Melee: Staff             |     2 |    10 |     1 |     3 |       ||    16
   Cast: Magic Dart        |   124 |   164 |   176 |   211 |    17 ||   692
         Hailstorm         |       |       |    36 |   188 |    28 ||   252
         Fulminant Prism   |       |       |    28 |    58 |     5 ||    91
         Freeze            |       |       |       |    71 |    15 ||    86
         Summon Guardian G |       |       |       |     3 |     2 ||     5
  Evoke: Wand              |       |       |     2 |       |     1 ||     3
    Use: Scroll            |     3 |    11 |     8 |    33 |       ||    55
         Potion            |     2 |     4 |     6 |     9 |     4 ||    25
 Armour: Robe              |    13 |    36 |    32 |   125 |    19 ||   225
  Dodge: Dodged            |    32 |    25 |    36 |   168 |    19 ||   280
         Repelled          |       |       |       |     5 |       ||     5
